 Dungeon Crawl Stone Soup version 0.24-a0-416-g56ce5178b7 (webtiles) character file.

Game seed: 8802594850831247986

155186 wilfster70 the Unseen (level 17, -6/86 HPs)
             Began as a Spriggan Enchanter on June 7, 2019.
             Was an Initiate of Gozag.
             Shot with a bolt by a naga sharpshooter (32 damage)
             ... led by Vashnia
             ... on level 3 of the Snake Pit on June 9, 2019.
             The game lasted 03:11:49 (45253 turns).

wilfster70 the Unseen (Spriggan Enchanter)         Turns: 45253, Time: 03:11:50

Health: -6/86      AC: 12    Str:  5    XL:     17   Next: 8%
Magic:  34/36      EV: 27    Int: 19    God:    Gozag
Gold:   2626       SH: 11    Dex: 20    Spells: 30/45 levels left

rFire    . . .     SeeInvis +   a - +4 dagger (elec)
rCold    . . .     Gourm    .   p - +3 buckler
rNeg     . . .     Faith    .   I - +2 robe {Archmagi}
rPois    +         Spirit   .   (helmet restricted)
rElec    .         Reflect  .   G - +2 cloak {+Inv}
rCorr    .         Harm     .   (gloves unavailable)
MR       ++...                  (boots unavailable)
Stlth    +++++++...             P - amulet of magic regeneration
HPRegen  0.24/turn              W - ring of Yesterday {rPois AC+1}
MPRegen  0.50/turn              K - +4 ring of protection

@: gold aura, very quick
A: very small, unfitting armour, see invisible, herbivore, speed 3, slow
metabolism 2
a: Potion Petition, Call Merchant, Bribe Branch, Renounce Religion, Evoke
Invisibility


You were on level 3 of the Snake Pit.
You worshipped Gozag.
Gozag was most pleased with you.
You were not hungry.

You visited 6 branches of the dungeon, and saw 31 of its levels.
You also visited: Bailey.

You collected 11164 gold pieces.
You spent 2656 gold pieces at shops.
You paid 5882 gold pieces to Gozag.

Inventory:

Hand Weapons
 a - a +4 dagger of electrocution (weapon)
 b - the +9 heavy crossbow "Sniper" {velocity, Acc+∞ SInv}
   (You found it on level 5 of the Lair of Beasts)

   Any bolt fired from it inflicts extra damage.
   It lets you see invisible.
 c - the +7 hand crossbow of Nimnalops {elec, +Blink rN+ Str+2 Dex-4}
   (You bought it in a shop on level 1 of the Lair of Beasts)

   It charges the ammunition it shoots with electricity; occasionally upon a
   hit, such missiles may discharge and cause terrible harm.
   It affects your strength (+2).
   It affects your dexterity (-4).
   It protects you from negative energy.
   It lets you blink.
Missiles
 e - 2 throwing nets (quivered)
 f - 285 bolts
Armour
 p - a +3 buckler (worn)
 G - a +2 cloak of invisibility (worn)
 I - a +2 robe of the Archmagi (worn)
Jewellery
 m - an uncursed ring of resist corrosion
 y - an uncursed ring of stealth
 B - the amulet "Obroz" {RegenMP rElec rC+++ MP+9 Int-5}
   (You took it off an orc priest on level 9 of the Dungeon)

   [amulet of magic regeneration]

   It increases your magic regeneration.
   It affects your intelligence (-5).
   It renders you almost immune to cold.
   It insulates you from electricity.
   It affects your magic capacity (+9).
 K - a +4 ring of protection (right hand)
 L - an uncursed ring of ice
 N - an uncursed ring of fire
 P - an amulet of magic regeneration (around neck)
 U - the amulet of the Air {Inacc +Fly rElec EV+5 RMsl}
   (You bought it in a shop on level 3 of the Lair of Beasts)

   [amulet of inaccuracy]

   It reduces the accuracy of all your attacks.
   It affects your evasion (+5).
   It insulates you from electricity.
   It lets you fly.
   It protects you from missiles.
 W - the ring of Yesterday (left hand) {rPois AC+1}
   (You bought it in a shop on level 3 of the Lair of Beasts)

   [ring of protection]

   It affects your AC (+1).
   It protects you from poison.
Wands
 k - a wand of clouds (6)
 n - a wand of random effects (123)
 v - a wand of iceblast (38)
 A - a wand of polymorph (18)
 D - a wand of acid (9)
 R - a wand of paralysis (9)
 T - a wand of disintegration (11)
 X - a wand of digging (7)
Scrolls
 g - 3 scrolls of fear
 h - 6 scrolls of remove curse
 j - 3 scrolls of magic mapping
 l - 2 scrolls of enchant armour
 o - 16 scrolls of teleportation
 t - 5 scrolls of amnesia
 F - 3 scrolls of blinking
 J - 12 scrolls of identify
 S - a scroll of fog
 V - 3 scrolls of holy word
Potions
 i - 2 potions of brilliance
 q - 7 potions of flight
 r - 3 potions of might
 s - 2 potions of ambrosia
 u - 5 potions of agility
 w - 3 potions of mutation
 z - 2 potions of resistance
 C - 6 potions of curing
 E - 3 potions of cancellation
 H - 2 potions of magic
 M - 2 potions of haste
 O - 2 potions of invisibility
 Q - 2 potions of lignification
Miscellaneous
 x - a phantom mirror
Comestibles
 d - 28 rations


   Skills:
 + Level 8.7 Fighting
 - Level 10.0 Short Blades
 - Level 12.0 Crossbows
 + Level 3.0 Armour
 - Level 10.4 Dodging
 + Level 18.8 Stealth
 - Level 7.2 Shields
 + Level 14.6 Spellcasting
 - Level 7.0 Hexes
 - Level 6.0 Summonings
 - Level 5.0 Ice Magic
 - Level 6.0 Air Magic
 - Level 10.0 Evocations


You had 30 spell levels left.
You knew the following spells:

 Your Spells              Type           Power        Failure   Level  Hunger
a - Confusing Touch       Hex            ######       1%          1    None
b - Ensorcelled Hibernat  Hex/Ice        ######       1%          2    None
c - Confuse               Hex            ######..     1%          3    None
d - Summon Lightning Spi  Summ/Air       ######..     3%          4    None
e - Apportation           Tloc           ###...       4%          1    None
f - Airstrike             Air            ######....   3%          4    None

Your spell library contained the following spells:

 Spells                   Type           Power        Failure   Level  Hunger
 Corona                   Hex            ######.      1%          1    None
 Shock                    Conj/Air       ####         1%          1    None
 Summon Small Mammal      Summ           ####         1%          1    None
 Call Imp                 Summ           ######..     1%          2    None
 Swiftness                Chrm/Air       #####...     1%          2    None
 Call Canine Familiar     Summ           ######..     1%          3    None
 Summon Guardian Golem    Hex/Summ       ######..     1%          3    None
 Tukima's Dance           Hex            ######..     1%          3    None
 Dazzling Spray           Conj/Hex       #####.       3%          3    None
 Animate Skeleton         Necr           N/A          4%          1    None
 Beastly Appendage        Tmut           ###...       4%          1    None
 Magic Dart               Conj           ###.         4%          1    None
 Sandblast                Erth           ###...       4%          1    None
 Static Discharge         Conj/Air       #####...     4%          3    None
 Summon Ice Beast         Ice/Summ       ######..     4%          4    None
 Passwall                 Tmut/Erth      ###.....     7%          2    None
 Searing Ray              Conj           ###...       7%          2    None
 Sticks to Snakes         Tmut           ###.....     7%          2    None
 Fulminant Prism          Conj/Hex       #####.....   11%         4    None
 Metabolic Englaciation   Hex/Ice        ######....   11%         5    ####...
 Gell's Gravitas          Tloc           ###.......   14%         3    None
 Spider Form              Tmut/Pois      ###.......   14%         3    None
 Stone Arrow              Conj/Erth      ###...       14%         3    None
 Ice Form                 Ice/Tmut       #####...     16%         4    None
 Yara's Violent Unravell  Hex/Tmut       #####.....   30%         5    ####...
 Lightning Bolt           Conj/Air       #####.....   36%         5    ####...
 Force Lance              Conj/Tloc      ###.....     43%         4    None
 Iskenderun's Mystic Bla  Conj           ###.....     43%         4    None
 Petrify                  Tmut/Erth      ###.....     43%         4    None
 Blade Hands              Tmut           ###.......   78%         5    ####...
 Lee's Rapid Deconstruct  Erth           ###.......   78%         5    ####...


Dungeon Overview and Level Annotations

Branches:
Dungeon (15/15)            Temple (1/1) D:7            Lair (6/6) D:11
  Swamp (4/4) Lair:3        Snake (3/4) Lair:2        Slime (0/5) Lair:5
    Orc (2/2) D:10            Elf (0/3) Orc:2        Vaults (0/5) D:13
 Depths (0/5) D:15

Altars:
Ashenzari
Cheibriados
Dithmenos
Elyvilon
Fedhas
Gozag
Hepliaklqana
Kikubaaqudgha
Makhleb
Nemelex Xobeh
Okawaru
Qazlal
Ru
Sif Muna
Trog
Uskayaw
Vehumet
Wu Jian
Xom
Yredelemnul
Zin
The Shining One
Beogh

Shops:
D:8 (!*[[=   D:10 }   D:11 *   D:12 (   D:13 =   Orc:2 }!}[   Lair:1 (
Lair:3 =   Lair:6 *   Snake:1 (

Portals:
Trove: D:12 (give 6 scrolls of blinking)

Annotations:
D:6 3 runed translucent doors, Phong's ghost, novice OpEE
D:9 Gastronok
Lair:3 exclusion: 2 oklob plants
Swamp:1 2 exclusions, Nikola
Swamp:2 1 transporter
Snake:3 Vashnia


Innate Abilities, Weirdness & Mutations

You are very small and have problems with some larger weapons.
You are too small for most types of armour.
You have supernaturally acute eyesight. (SInv)
You are a herbivore.
You cover ground extremely quickly.
You need to consume almost no food.


Message History

You feel a surge of power!
An electric hum fills the air.
The naga sharpshooter spits poison at you.
The splash of poison misses you.
The naga sharpshooter unwields a +0 scimitar.
The naga sharpshooter wields a +0 shortbow.
The naga sharpshooter shoots an arrow.
The arrow hits you!
The naga sharpshooter shoots a bolt.
The bolt completely misses you.
Your lightning spire shoots out a bolt of lightning at the naga sharpshooter!
The bolt of electricity hits the naga sharpshooter!
The naga sharpshooter mumbles some strange words.
The naga sharpshooter magically shoots an arrow.
The arrow hits you.
Things that are here:
2 arrows; a bolt Vashnia shoots a bolt.
The bolt hits you!!
The naga sharpshooter mumbles some strange words.
The naga sharpshooter magically shoots a bolt.
The bolt hits you!!
You die...
Your body crumbles into a pile of gold.

#.......#)..###'###
#.....###...##...##
#....### ##..#.....#
#.....# #..#♣.>.♣#
.......# #..#.....#
.......## ##..##.♣.## .
....(.. ###....######..
#......####.....## N...
#........)..@.(####..N..
#.............NNN...
##......8..(...NN...
##.......(.######..
#........## #.......###
...%....## .....#...
####.


You could see Vashnia, 2 naga sharpshooters and a friendly lightning spire.

Vanquished Creatures
  Rupert (D:11)
  Nessos (D:13)
  A dire elephant (D:15)
  A fire dragon (Lair:6)
  Snorg (D:13)
  Erolcha (D:12)
  13 hydras
  Harold (D:9)
  Fannar (D:10)
  A centaur warrior (D:14)
  2 ghost crabs (Swamp:3)
  9 naga warriors
  4 two-headed ogres
  6 ogre magi
  4 anacondas (Snake:1)
  5 alligators
  A death yak (D:11)
  3 naga sharpshooters
  6 shock serpents
  Nergalle (D:11)
  Sonja (D:10)
  A salamander mystic (Snake:2)
  A deep troll (D:15)
  A skeletal warrior (D:13)
  4 swamp dragons
  A deep elf archer (D:13)
  4 sea snakes (Snake:2)
  3 unseen horrors
  A spriggan druid (Swamp:2)
  4 naga ritualists
  2 orc knights
  Pikel (D:5)
  A lindwurm (Swamp:4)
  4 mana vipers
  5 orc sorcerers (Orc:2)
  7 ugly things
  5 deep elf magi
  2 wolf spiders (D:15)
  9 salamanders
  A manticore (D:12)
  12 elephants
  3 guardian serpents
  10 naga magi
  40 black mambas
  Psyche (D:11)
  2 gargoyles
  20 spiny frogs
  2 kobold demonologists (D:13)
  4 yaktaurs (D:13)
  2 efreet
  2 rime drakes (Lair:6)
  A guardian mummy (D:12)
  9 komodo dragons
  8 polar bears
  4 tyrant leeches
  8 trolls
  7 hornets
  6 slime creatures
  6 bog bodies
  8 hippogriffs
  17 dream sheep
  8 blink frogs
  A meliai zombie (D:15)
  2 spriggans
  4 basilisks
  6 wraiths
  A vampire (D:11)
  A wyvern (D:15)
  2 water elementals (D:14)
  30 yaks
  2 chaos spawn (D:12)
  2 steam dragons (Lair:6)
  2 hungry ghosts
  7 vampire mosquitoes
  4 insubstantial wisps
  5 swamp worms
  2 acid dragons (Lair:6)
  34 nagas
  A warg (Orc:2)
  20 water moccasins
  8 porcupines
  6 swamp drakes
  A meliai simulacrum (D:15)
  33 orc warriors
  2 ice beasts
  A sky beast (D:11)
  A slave (D:5)
  4 black bears
  A necrophage (D:11)
  2 phantoms
  3 eyes of draining
  3 wolves (Lair:3)
  8 centaurs
  17 ogres
  21 crocodiles
  5 big kobolds
  11 bullfrogs
  3 wyvern skeletons
  5 scorpions
  9 killer bees
  6 wights
  9 electric eels
  2 howler monkeys (D:7)
  6 crimson imps
  2 centaur zombies
  5 jellies
  A bullfrog zombie (D:6)
  3 hounds
  20 orc priests
  2 bullfrog skeletons
  6 centaur skeletons
  7 iguanas
  Natasha (thrice) (D:4)
  7 worker ants
  Ijyb (D:3)
  39 orc wizards
  2 killer bee zombies (D:10)
  A hound skeleton (D:7)
  11 gnolls
  A howler monkey skeleton (D:10)
  12 adders
  5 shadow imps
  2 oozes
  3 adder skeletons
  5 worms
  4 dart slugs
  9 leopard geckos
  87 orcs
  A ball python (D:1)
  A giant cockroach (D:1)
  36 goblins
  20 hobgoblins
  2 jackals (D:10)
  26 kobolds
  6 quokkas
  6 bats
  2 frilled lizards
  A quokka skeleton (D:4)
  3 rats (D:1)
936 creatures vanquished.

Vanquished Creatures (collateral kills)
  A hydra (Lair:3)
  A shambling mangrove (Swamp:3)
  A naga sharpshooter (Snake:2)
  An ugly thing (D:14)
  A mana viper (Snake:2)
  A spiny frog (Swamp:1)
  2 bog bodies
  2 nagas (Snake:2)
  2 swamp drakes
  3 centaurs (D:14)
  3 wights (D:14)
18 creatures vanquished.

Vanquished Creatures (others)
  An eye of draining (D:13)
  5 fungi
  15 plants
21 creatures vanquished.

Grand Total: 975 creatures vanquished

Notes
Turn   | Place    | Note
-------+----------+-------------------------------------------
     0 | D:1      | wilfster70 the Spriggan Enchanter began the quest for the
                  | Orb.
     0 | D:1      | Reached XP level 1. HP: 9/9 MP: 5/5
   463 | D:1      | Reached XP level 2. HP: 13/13 MP: 7/7
   473 | D:1      | Learned a level 2 spell: Ensorcelled Hibernation
   709 | D:1      | Reached skill level 5 in Stealth
  1009 | D:2      | Found a deep blue altar of Sif Muna.
  1009 | D:2      | Found a burning altar of Makhleb.
  1069 | D:2      | Found a faded altar of an unknown god.
  1195 | D:2      | Reached XP level 3. HP: 16/16 MP: 3/8
  1200 | D:2      | Learned a level 3 spell: Confuse
  1413 | D:2      | Reached XP level 4. HP: 21/21 MP: 10/10
  2063 | D:3      | Reached skill level 6 in Stealth
  2283 | D:3      | Found an iron altar of Okawaru.
  2283 | D:3      | Found a glowing silver altar of Zin.
  2357 | D:3      | Noticed Ijyb
  2511 | D:3      | Killed Ijyb
  2604 | D:3      | Reached XP level 5. HP: 22/24 MP: 1/12
  2608 | D:3      | Reached skill level 5 in Hexes
  2928 | D:5      | Entered Level 5 of the Dungeon
  2944 | D:5      | Noticed an ogre
  3391 | D:6      | Noticed an ogre
  3398 | D:6      | Killed an ogre
  3398 | D:6      | Reached skill level 1 in Shields
  3398 | D:6      | Reached XP level 6. HP: 28/28 MP: 10/14
  3671 | D:6      | Reached skill level 5 in Spellcasting
  3719 | D:6      | Found a runed translucent gate.
  3720 | D:6      | Found a runed translucent gate.
  3720 | D:6      | Identified the cursed +0 chain mail "Soadab" {rF+}
  3720 | D:6      | Noticed an orc warrior
  3721 | D:6      | Found a runed translucent gate.
  3725 | D:6      | Noticed Phong's ghost (novice OpEE)
  3988 | D:6      | Reached XP level 7. HP: 32/32 MP: 12/16
  4166 | D:6      | Found a shadowy altar of Dithmenos.
  4318 | D:6      | Found a roughly hewn altar of Beogh.
  4330 | D:7      | Noticed a hungry ghost
  4330 | D:7      | Noticed a hippogriff
  4333 | D:7      | Killed a hippogriff
  4339 | D:7      | Found a stormy altar of Qazlal.
  4342 | D:7      | Killed a hungry ghost
  4403 | D:7      | Reached XP level 8. HP: 36/36 MP: 10/18
  4414 | D:7      | Reached skill level 5 in Short Blades
  4854 | D:7      | Found a sacrificial altar of Ru.
  4893 | D:7      | Found a staircase to the Ecumenical Temple.
  4902 | Temple   | Entered the Ecumenical Temple
  5028 | Temple   | Became a worshipper of Gozag Ym Sagoz the Greedy
  5105 | D:5      | Noticed Pikel
  5845 | D:4      | Noticed Natasha
  5871 | D:4      | Killed Natasha
  6297 | D:5      | Killed Pikel
  6297 | D:5      | Reached skill level 7 in Stealth
  6297 | D:5      | Reached skill level 5 in Shields
  6297 | D:5      | Reached XP level 9. HP: 31/42 MP: 3/19
  6567 | D:5      | Reached skill level 8 in Stealth
  8085 | D:8      | Found Xusocecu's Armour Shoppe.
  8213 | D:8      | Reached skill level 9 in Stealth
  8302 | D:4      | Noticed Natasha
  8308 | D:4      | Killed Natasha
  8347 | D:4      | Noticed Natasha
  8353 | D:4      | Killed Natasha
  8509 | D:8      | Found a flagged portal.
  8558 | Bailey   | Entered a bailey
  9208 | Bailey   | Noticed an orc knight
  9270 | Bailey   | Killed an orc knight
  9270 | Bailey   | Reached skill level 10 in Stealth
  9346 | Bailey   | Reached XP level 10. HP: 51/51 MP: 10/20
  9948 | Bailey   | Reached skill level 5 in Fighting
 10080 | Bailey   | Noticed an orc warlord
 10532 | D:8      | Found Fienkua's Weapon Emporium.
 10542 | D:8      | Found Afaodagi's Distillery.
 10633 | D:8      | Found Elicw's General Store.
 10653 | D:8      | Found Zun Ame's Jewellery Shoppe.
 10758 | D:8      | Noticed a two-headed ogre
 10765 | D:8      | Killed a two-headed ogre
 11398 | D:8      | Bought a +2 robe of the Archmagi for 678 gold pieces
 11460 | D:9      | Noticed Gastronok
 11524 | D:9      | Noticed Harold
 11579 | D:9      | Identified a scroll of acquirement
 11701 | D:9      | Killed Harold
 11701 | D:9      | Reached skill level 11 in Stealth
 11701 | D:9      | Reached skill level 1 in Ice Magic
 11957 | D:9      | Identified the amulet "Obroz" {RegenMP rElec rC+++ MP+9
                  | Int-5}
 12532 | D:10     | Entered Level 10 of the Dungeon
 12538 | D:10     | Noticed a gargoyle
 12549 | D:10     | Killed a gargoyle
 13021 | D:8      | Bought a +1 cloak of invisibility for 297 gold pieces
 13065 | D:10     | Found Beamawk's Gadget Emporium.
 13118 | D:10     | Reached XP level 11. HP: 50/56 MP: 20/23
 13119 | D:10     | Reached skill level 13 in Stealth
 13119 | D:10     | Reached XP level 12. HP: 55/61 MP: 20/26
 13434 | D:10     | Found a staircase to the Orcish Mines.
 13667 | D:10     | Noticed Sonja
 13674 | D:10     | Killed Sonja
 13674 | D:10     | Reached skill level 5 in Ice Magic
 13770 | D:10     | Noticed Fannar
 13777 | D:10     | Killed Fannar
 13777 | D:10     | Reached skill level 10 in Spellcasting
 14039 | D:10     | Reached skill level 1 in Evocations
 14219 | D:11     | Noticed Psyche
 14227 | D:11     | Reached skill level 14 in Stealth
 14237 | D:11     | Killed Psyche
 14445 | D:11     | Found a staircase to the Lair.
 14445 | D:11     | Noticed a death yak
 14451 | D:11     | Killed a death yak
 14672 | D:11     | Noticed Nergalle
 14677 | D:11     | Killed Nergalle
 14918 | D:11     | Noticed a two-headed ogre
 14931 | D:11     | Killed a two-headed ogre
 14931 | D:11     | Reached skill level 5 in Evocations
 15273 | D:12     | Found the +7 mace of Variability {chain chaos}
 15313 | Lair:1   | Entered Level 1 of the Lair of Beasts
 15331 | Lair:1   | Reached skill level 15 in Stealth
 15804 | D:11     | Reached skill level 5 in Dodging
 15864 | Lair:1   | Reached XP level 13. HP: 60/65 MP: 26/28
 15877 | Lair:1   | Reached skill level 10 in Short Blades
 16353 | Lair:2   | Found a staircase to the Snake Pit.
 17193 | Lair:3   | HP: 3/65 [dream sheep (25)]
 17201 | Lair:3   | HP: 2/65 [dream sheep (23)]
 17518 | Lair:1   | Bought the +7 hand crossbow of Nimnalops {elec, +Blink rN+
                  | Str+2 Dex-4} for 692 gold pieces
 17683 | Lair:3   | Reached skill level 10 in Dodging
 17713 | Lair:3   | Reached skill level 1 in Crossbows
 17872 | Lair:3   | Found a staircase to the Swamp.
 18621 | Lair:4   | Reached skill level 10 in Evocations
 18887 | Lair:4   | Reached skill level 5 in Crossbows
 19241 | Lair:4   | Reached XP level 14. HP: 53/70 MP: 21/29
 20350 | Lair:5   | Found the +9 heavy crossbow "Sniper" {velocity, Acc+∞ SInv}
 20697 | Lair:5   | Found a staircase to the Slime Pits.
 20946 | Lair:6   | Entered Level 6 of the Lair of Beasts
 23032 | Orc:1    | Entered Level 1 of the Orcish Mines
 23355 | Orc:2    | Entered Level 2 of the Orcish Mines
 23527 | Orc:2    | Found a staircase to the Elven Halls.
 24304 | Orc:2    | Reached skill level 10 in Crossbows
 24337 | Orc:2    | Found Soenuj's Antique Armour Emporium.
 24415 | Orc:2    | Found an ancient bone altar of Kikubaaqudgha.
 24434 | Orc:2    | Found Neimmymeucs's Distillery.
 24467 | Orc:2    | Found a radiant altar of Vehumet.
 24545 | Orc:2    | Bought a steaming robe for 125 gold pieces
 24547 | Orc:2    | Identified the +1 robe "Ekinuch" {rF+++ MP+9 Int-5 SInv}
                  | (You bought it in a shop on level 2 of the Orcish Mines)
 24581 | Orc:2    | Found a roughly hewn altar of Beogh.
 24582 | Orc:2    | Found Gugeh's Gadget Emporium.
 24594 | Orc:2    | Found Fephuila's Gadget Shoppe.
 25095 | D:12     | Noticed Erolcha
 25100 | D:12     | Noticed Rupert
 25439 | D:11     | Paralysed by Rupert for 2 turns
 25473 | D:11     | Killed Rupert
 25473 | D:11     | Reached skill level 16 in Stealth
 25846 | D:12     | Killed Erolcha
 26168 | D:12     | Found a shimmering altar of Xom.
 26228 | D:12     | Found a stormy altar of Qazlal.
 26248 | D:12     | Found a portal to a secret trove of treasure.
 26663 | D:13     | Reached XP level 15. HP: 65/77 MP: 25/30
 26695 | D:12     | Learned a level 4 spell: Summon Lightning Spire
 26983 | D:13     | Noticed Nessos
 26992 | D:13     | Killed Nessos
 26992 | D:13     | Reached skill level 1 in Summonings
 26992 | D:13     | Reached skill level 1 in Air Magic
 27339 | D:13     | Found a gate to the Vaults.
 27521 | D:13     | Noticed Snorg
 27567 | D:13     | Killed Snorg
 28006 | D:13     | Reached skill level 17 in Stealth
 28017 | D:13     | Found Faskalui's Jewellery Shoppe.
 28677 | D:14     | Learned a level 1 spell: Confusing Touch
 29549 | D:15     | Entered Level 15 of the Dungeon
 30153 | D:15     | Found a staircase to the Depths.
 31430 | Swamp:1  | Entered Level 1 of the Swamp
 31664 | Lair:3   | Upgraded the game from 0.24-a0-415-g6d73c25c48 to
                  | 0.24-a0-416-g56ce5178b7
 32074 | Swamp:1  | Reached skill level 5 in Air Magic
 32181 | Swamp:1  | Noticed Nikola
 32390 | Lair:3   | Bought the amulet of the Air {Inacc +Fly rElec EV+5 RMsl}
                  | for 666 gold pieces
 32390 | Lair:3   | Found the amulet of the Air {Inacc +Fly rElec EV+5 RMsl}
 33649 | Swamp:2  | Found a transporter.
 33708 | Swamp:2  | Reached skill level 5 in Summonings
 34192 | Swamp:3  | Reached XP level 16. HP: 81/81 MP: 33/33
 34200 | Swamp:3  | Learned a level 1 spell: Apportation
 34238 | Swamp:3  | Learned a level 4 spell: Airstrike
 34912 | Swamp:4  | Entered Level 4 of the Swamp
 35752 | Swamp:4  | Noticed a thorn hunter
 36124 | Snake:1  | Entered Level 1 of the Snake Pit
 36976 | Lair:3   | Bought the ring of Yesterday {rPois AC+1} for 198 gold
                  | pieces
 37313 | Snake:1  | Found Poucs's Antique Weapon Shop.
 39333 | Snake:2  | HP: 1/81 [guardian serpent/bolt of poison (9)]
 40156 | Snake:2  | Reached skill level 18 in Stealth
 41548 | Snake:1  | Reached skill level 1 in Armour
 43104 | Snake:2  | Found a radiant altar of Vehumet.
 44780 | Snake:3  | Reached XP level 17. HP: 86/86 MP: 33/36
 45245 | Snake:3  | Noticed Vashnia
 45253 | Snake:3  | Shot with a bolt by a naga sharpshooter

Levels and vault maps discovered:
D:1:      roderic_chinese_lattice_arrival, layout_basic
D:2:      layout_rooms, chequers_temple_overflow_statue_of_worship,
          chequers_ecumenical_altar_simple, serial_glass, glass_columns_c,
          glass_columns_c, glass_columns_a, glass_columns_a, glass_columns_b,
          glass_columns_c, minivault_5, hangedman_decor_riveting, minivault_25
D:3:      layout_rooms, gammafunk_temple_overflow_elements, minmay_checkerbox,
          uniq_ijyb
D:4:      cheibrodos_greedy_goblins, layout_basic, first_ration, uniq_natasha
D:5:      layout_basic, minmay_crystal_room, kennysheep_flooded_box, uniq_pikel
D:6:      layout_cave_pods, lemuel_doored_altar, biasface_ghost_orc_armoury
D:7:      layout_basic, nicolae_qazlal_eye_of_the_storm,
          minmay_temple_entry_wispy, nicolae_ru_path_of_blood
D:8:      layout_basic, serial_shops, nicolae_shop_waterfront,
          kennysheep_little_box, nicolae_shop_trees,
          nicolae_shop_window_shopping, shop_fountains, enter_bailey_3
D:9:      layout_gridville, uniq_harold, uniq_gastronok
D:10:     layout_roguey, erik_orc_1, serial_shops,
          nicolae_shop_competitors_out_of_business, uniq_sonja, uniq_fannar
D:11:     layout_basic, david_lair_generic, uniq_psyche, uniq_nergalle
D:12:     layout_cave_pools, basic_altar, nicolae_trove_entry_path_of_doom,
          the_bakery, serial_bayou_pond_d, minmay_guarded_unrand_variability,
          uniq_rupert, uniq_erolcha
D:13:     layout_roguey, hangedman_vaults_entry_quadrant_bands, serial_shops,
          nicolae_shop_waterfront, kennysheep_generic_room_5, uniq_snorg,
          uniq_nessos
D:14:     layout_irregular_city, minmay_misc_feat_cross, kennysheep_boxes
D:15:     hangedman_depths_entry_try_elsewhere_first, layout_loops_cross,
          grunt_decor_cap
Temple:   eino_temple_scatter_basement
Lair:1:   layout_big_grid, st_stairs_8, cheibrodos_lair_lostbears
Lair:2:   layout_big_grid, dummy_snake_entry, gammafunk_lair_bear_cave
Lair:3:   layout_gridlike, swamp_mist, minivault_19, minmay_lair_oklob_chamber
Lair:4:   layout_roguey, beast_lair_carwin_5, serial_bayou_shore_b
Lair:5:   cheibrodos_lair_overgrown_chateau, layout_gridlike, slime_dummy,
          st_stairs_11
Lair:6:   guppyfry_lair_end_dragon, layout_gridlike
Swamp:1:  layout_basic_swamp, nicolae_swamp_little_tower,
          hangedman_swamp_ravenous, infiniplex_staircase_pool, uniq_nikola
Swamp:2:  gammafunk_the_bubble [the_bubble_gammafunk_grid], layout_basic_swamp,
          hangedman_swamp_ruin_wall
Swamp:3:  layout_basic_swamp, nicolae_swamp_round_clearing
Swamp:4:  swamp_alternative, layout_basic_swamp
Snake:1:  layout_chambers, serial_shops, shop_fountains, serial_bayou_pond_a
Snake:2:  layout_cave_pods, basic_altar, nicolae_snake_shapes,
          serial_bayou_shore_b, serial_bayou_shore_a, serial_bayou_shore_b
Snake:3:  layout_layer_cave, grunt_megastairs_3, uniq_vashnia
Orc:1:    layout_diamond_mine
Orc:2:    kennysheep_orc_mage_school, layout_diamond_mine

Skill      XL: |  1  2  3  4  5  6  7  8  9 10 11 12 13 14 15 16 17 |
---------------+----------------------------------------------------+-----
Spellcasting   | 3 4 5 6 7 9 10 12 14 | 14.6
Stealth        | 5 6 7 10 11 13 15 16 17 18 | 18.8
Hexes          | 4 5 6 7 |  7.0
Short Blades   | 2 3 4 6 7 9 10 | 10.0
Shields        | 1 3 5 6 7 |  7.2
Fighting       | 2 4 6 8 |  8.7
Ice Magic      | 2 4 5 |  5.0
Evocations     | 7 10 | 10.0
Dodging        | 5 10 | 10.4
Crossbows      | 6 11 12 | 12.0
Summonings     | 5 6 |  6.0
Air Magic      | 5 6 |  6.0
Armour         | 2 3 |  3.0

Action                   |  1- 3 |  4- 6 |  7- 9 | 10-12 | 13-15 | 16-18 || total
-------------------------+-------+-------+-------+-------+-------+-------++-------
Melee: Dagger            |    62 |   125 |   315 |   300 |   603 |   254 ||  1659
 Fire: Hand crossbow     |       |       |       |       |   324 |       ||   324
       Heavy crossbow    |       |       |       |       |    26 |       ||    26
Throw: Stone             |       |     2 |     3 |     2 |       |       ||     7
       Throwing net      |       |       |       |       |     2 |     1 ||     3
 Cast: Ensorcelled Hiber |     9 |    51 |   129 |   164 |   446 |   228 ||  1027
       Confuse           |       |     9 |    11 |    22 |    56 |     7 ||   105
       Summon Lightning  |       |       |       |       |    25 |    20 ||    45
       Confusing Touch   |       |       |       |       |     2 |     3 ||     5
       Airstrike         |       |       |       |       |       |    18 ||    18
Invok: Call Merchant     |       |       |       |     2 |     4 |       ||     6
 Abil: Evoke Blink       |       |       |       |       |    12 |       ||    12
       Evoke Invisibilit |       |       |       |       |       |     1 ||     1
Evoke: Wand              |       |       |       |     2 |     2 |       ||     4
  Use: Scroll            |       |     3 |     6 |    20 |    13 |     3 ||    45
       Potion            |       |       |       |     2 |     4 |     2 ||     8
 Stab: Sleeping          |    23 |    30 |    79 |   117 |   290 |   125 ||   664
       Confused          |       |     3 |     5 |    11 |    24 |     5 ||    48
       Distracted        |       |       |     2 |     1 |     8 |     4 ||    15
       Paralysed         |       |       |       |       |     1 |       ||     1
       Invisible         |       |       |       |       |       |     3 ||     3
  Eat: Ration            |       |     2 |     3 |     3 |    10 |     7 ||    25
Armor: Robe              |     6 |     9 |    13 |    17 |    53 |    42 ||   140
Dodge: Dodged            |    51 |    90 |   147 |   120 |   497 |   277 ||  1182
Block: Buckler           |       |       |    40 |   104 |   344 |   177 ||   665

Table legend:
 A = Non-vault XP
 B = Vault XP
 C = Vault XP percentage of total XP
 D = Non-vault monster count
 E = Vault monster count
 F = Vault count percentage of total count
                 A         B        C        D         E       F
            +---------+---------+-------+---------+---------+-------
      Total |  150186 |   60592 |  28.7 |     719 |     234 |  24.6
            +---------+---------+-------+---------+---------+-------
        D:1 |      29 |       0 |   0.0 |      17 |       0 |   0.0
        D:2 |      83 |       0 |   0.0 |      19 |       0 |   0.0
        D:3 |      57 |      44 |  43.6 |      17 |       4 |  19.0
        D:4 |     687 |      54 |   7.3 |      25 |      10 |  28.6
        D:5 |     312 |     663 |  68.0 |      12 |       1 |   7.7
        D:6 |     738 |       0 |   0.0 |      17 |       0 |   0.0
        D:7 |    1172 |       0 |   0.0 |      21 |       0 |   0.0
        D:8 |    1512 |       8 |   0.5 |      14 |       4 |  22.2
        D:9 |    1241 |     987 |  44.3 |      21 |       1 |   4.5
       D:10 |    3729 |    2347 |  38.6 |      43 |      19 |  30.6
       D:11 |    4863 |    6385 |  56.8 |      30 |       9 |  23.1
       D:12 |    3126 |    1949 |  38.4 |      20 |       5 |  20.0
       D:13 |    3614 |    9621 |  72.7 |      24 |      19 |  44.2
       D:14 |    9497 |       0 |   0.0 |      46 |       0 |   0.0
       D:15 |   10002 |    2346 |  19.0 |      40 |       3 |   7.0
     Lair:1 |    3931 |     887 |  18.4 |      19 |       3 |  13.6
     Lair:2 |   10913 |     479 |   4.2 |      32 |       3 |   8.6
     Lair:3 |   14210 |    1068 |   7.0 |      53 |       4 |   7.0
     Lair:4 |    7459 |    3257 |  30.4 |      25 |       7 |  21.9
     Lair:5 |    2134 |    4790 |  69.2 |      10 |      16 |  61.5
     Lair:6 |    4296 |    3650 |  45.9 |      13 |      13 |  50.0
    Swamp:1 |    5048 |       0 |   0.0 |      15 |       0 |   0.0
    Swamp:2 |    5418 |       0 |   0.0 |      13 |       0 |   0.0
    Swamp:3 |    5045 |    1619 |  24.3 |      12 |       2 |  14.3
    Swamp:4 |     716 |    3046 |  81.0 |       2 |       5 |  71.4
    Snake:1 |   17862 |    1449 |   7.5 |      42 |       2 |   4.5
    Snake:2 |   20330 |    3123 |  13.3 |      40 |       6 |  13.0
    Snake:3 |    9301 |    1951 |  17.3 |      24 |       4 |  14.3
      Orc:1 |    1630 |       0 |   0.0 |      27 |       0 |   0.0
      Orc:2 |    1231 |    8398 |  87.2 |      26 |      34 |  56.7
     Bailey |       0 |    2471 | 100.0 |       0 |      60 | 100.0
            +---------+---------+-------+---------+---------+-------
